 Dungeon Crawl Stone Soup version 0.30.0-15-g856e2d3f33 (webtiles) character file.

Game seed: 15042765584550704231

1341 ragingrage the Slicer (level 8, -8/51 HPs)
             Began as a Kobold Transmuter on May 18, 2023.
             Mangled by Edmund
             ... wielding a +2 dire flail of protection
              (13 damage)
             ... on level 6 of the Dungeon.
             The game lasted 00:10:12 (6752 turns).

ragingrage the Slicer (Kobold Transmuter)           Turns: 6752, Time: 00:10:12

Health: -8/51      AC:  6    Str: 13    XL:     8   Next: 93%
Magic:  11/11      EV: 10    Int: 16    God:
Gold:   288        SH:  0    Dex: 16    Spells: 1/11 levels left

rFire   x . .        b - melded +0 dagger
rCold   + + +        (shield currently unavailable)
rNeg    . . .        (body armour currently unavailable)
rPois   +            r - melded +0 helmet
rElec   .            (cloak currently unavailable)
rCorr   .            (gloves currently unavailable)
SInv    .            z - melded +0 pair of boots
Will    .....        l - amulet of magic regeneration
Stlth   +++          g - ring of protection from cold
HPRegen 0.28/turn    x - +6 ring of strength
MPRegen 0.52/turn

%: no passive effects
@: mighty, about to teleport, ice-form
A: freezing attack, amphibious, boosted hp, large, no large weapons,
nightstalker 3
a: End Transformation


You were on level 6 of the Dungeon.
You were a creature of crystalline ice.
You visited 1 branch of the dungeon, and saw 6 of its levels.

You collected 288 gold pieces.

Inventory:

Hand Weapons
 a - a +0 short sword
 b - a +0 dagger (melded)
Missiles
 m - 4 poisoned darts
 C - a boomerang
Armour
 r - a +0 helmet (melded)
 y - a +0 robe
 z - a +0 pair of boots (melded)
 F - a +2 robe of resistance
 G - the +4 robe of Folly {Brill Will-∞ Int+8}
   (You found it on level 6 of the Dungeon)

   Brill:     It increases the power of your magical spells and halves their MP
   cost (rounding up).
   Will-∞: It reduces your willpower to zero.
   Int:       It affects your intelligence (+8).
Jewellery
 e - a ring of protection from cold
 g - a ring of protection from cold (left front paw)
 l - an amulet of magic regeneration (around neck)
 u - a ring of fire
 x - a +6 ring of strength (right front paw)
Wands
 j - a wand of iceblast (6)
 t - a wand of flame (6)
 B - a wand of digging (5)
Scrolls
 f - 2 scrolls of teleportation
 n - a scroll of fear {unknown}
 o - 5 scrolls of identify
 s - a scroll of fog {unknown}
 D - 2 scrolls of vulnerability {unknown}
 E - a scroll of immolation {unknown}
Potions
 d - a potion of haste {unknown}
 h - 2 potions of lignification
 i - 3 potions of berserk rage {unknown}
 k - a potion of flight
 p - 2 potions of magic {unknown}
 q - a potion of resistance {unknown}
 v - 3 potions of heal wounds {unknown}
 w - 2 potions of invisibility {unknown}
 A - a potion of curing {unknown}


   Skills:
 - Level 1.1 Fighting
 - Level 8.8 Short Blades
 - Level 2.4 Dodging
 - Level 1.9 Stealth
 + Level 4.1 Unarmed Combat
 - Level 2.1 Spellcasting
 + Level 5.6 Transmutations
 + Level 3.8 Ice Magic
 - Level 0.6 Poison Magic


You had one spell level left.
You knew the following spells:

 Your Spells              Type           Power      Damage    Failure   Level
a - Beastly Appendage     Tmut           38%        N/A       1%          1
b - Wereblood             Tmut           19%        N/A       3%          2
c - Spider Form           Tmut/Pois      11%        N/A       17%         3
d - Ice Form              Ice/Tmut       16%        N/A       28%         4

Your spell library contained the following spells:

 Spells                   Type           Power      Damage    Failure   Level
 Sublimation of Blood     Necr           1%         N/A       30%         2
 Summon Guardian Golem    Hex/Summ       1%         N/A       52%         3
 Petrify                  Tmut/Erth      10%        N/A       54%         4
 Irradiate                Conj/Tmut      5%         3d13      87%         5
 Conjure Ball Lightning   Conj/Air       0%         3x3d6     100%        6
 Orb of Destruction       Conj           0%         9d5       100%        7
 Spellforged Servitor     Conj/Summ      0%         N/A       100%        7
 Discord                  Hex            0%         N/A       100%        8
 Disjunction              Tloc           0%         N/A       100%        8


Dungeon Overview and Level Annotations

Branches:
Dungeon (6/15)
 Temple: D:4-7

Altars:

Shops:
D:5 ==

Annotations:
D:4 3 runed translucent doors
D:5 exclusion: water moccasin
D:6 Edmund


Innate Abilities, Weirdness & Mutations

You are a creature of crystalline ice.
You have a powerful freezing melee attack.
You are amphibious.
Your maximum health is increased.
Your armour is entirely melded.
You are incapable of wielding weapons or throwing items.
You are small and have problems with some larger weapons.
You are completely attuned to the shadows.


Message History

Edmund clears his throat.
Edmund completely misses you.
You finish taking off the +4 robe of Folly {Brill Will-∞ Int+8}.
You start putting on your armour.
You continue putting on your +2 robe of resistance.
Edmund hits you with a +2 dire flail of protection.
Keep equipping yourself?
Uppercase [Y]es or [N]o only, please.
Keep equipping yourself? [Y]es or [N]o only, please.
Keep equipping yourself?
You stop putting on your armour.
Casting: Ice Form (quite dangerous; 28% risk of failure)
The spell is quite dangerous to miscast (28% risk of failure)!
Continue anyway?
You turn into a creature of crystalline ice.
Your +0 dagger melds into your body.
Your +0 helmet melds into your body.
Your +0 pair of boots melds into your body.
Edmund closely misses you.
You hit Edmund but do no damage.
Edmund hits you with a +2 dire flail of protection.
You punch Edmund! You freeze Edmund.
Edmund hits you with a +2 dire flail of protection.
You hit Edmund but do no damage.
Edmund hits you with a +2 dire flail of protection.
You hit Edmund. You freeze Edmund.
Edmund says, "A flail is better than a scythe, any day of the week!"
Edmund hits you with a +2 dire flail of protection.
You hit Edmund but do no damage.
Edmund hits you with a +2 dire flail of protection!
As you read the scroll of teleportation, it crumbles to dust.
You feel strangely unstable.
Edmund hits you with a +2 dire flail of protection.
* * * LOW HITPOINT WARNING * * *
You feel very mighty all of a sudden.
Edmund hits you with a +2 dire flail of protection!
* * * LOW HITPOINT WARNING * * *
Unknown command.
You hit Edmund. You freeze Edmund.
Edmund hits you with a +2 dire flail of protection!
You die...

###.....#...............##.# #.
..###.........#.....#.....#.## #.
...##.........##...##.....#..###.
....#.........#.....#.....##.##..
.... ....#...............##.....#
.... #..###..#.......#..###....##
....###.....###.....###.....##..†
###..#.......#..###..#.......#.##
.#..............Y#.............#
......#.....#...@.....#.....#..#
......##...##.........##...##..#
......#.....#........ .....#....
.#...............#... .. ..###
###).#.......#..###.. .##
....###.....###...
.....#..###..#....
†........#....?...


You could see Edmund.

Vanquished Creatures
  Prince Ribbit (D:6)
  Sigmund (D:6)
  An ice beast (D:6)
  A centaur (D:6)
  A bullfrog (D:4)
  A scorpion (D:5)
  A howler monkey (D:4)
  4 hounds
  An orc priest (D:4)
  2 gnoll boudas
  A sleepcap (D:5)
  2 iguanas (D:6)
  An orc wizard (D:3)
  11 gnolls
  11 adders
  A white imp (D:6)
  2 worms
  11 orcs
  6 ball pythons
  9 endoplasms
  7 giant cockroaches
  7 goblins
  7 hobgoblins
  9 jackals
  A quokka (D:3)
  8 bats
  2 frilled lizards
  7 kobolds
  7 rats
124 creatures vanquished.

Notes
Turn   | Place    | Note
-------+----------+-------------------------------------------
     0 | D:1      | ragingrage the Kobold Transmuter began the quest for the
                  | Orb.
     0 | D:1      | Reached XP level 1. HP: 12/12 MP: 3/3
    68 | D:1      | Reached XP level 2. HP: 2/16 MP: 5/5
   184 | D:1      | Learned a level 2 spell: Wereblood
   267 | D:1      | Reached skill level 1 in Stealth
   439 | D:1      | Reached XP level 3. HP: 15/20 MP: 4/6
   443 | D:1      | Learned a level 3 spell: Spider Form
   851 | D:1      | You fall into a shaft and drop 1 floor!
  1424 | D:1      | Reached skill level 1 in Short Blades
  2039 | D:2      | Reached XP level 4. HP: 25/25 MP: 7/7
  2095 | D:2      | Reached skill level 2 in Short Blades
  2599 | D:2      | Reached skill level 3 in Short Blades
  2804 | D:2      | Reached XP level 5. HP: 29/29 MP: 8/8
  2978 | D:3      | Reached skill level 4 in Short Blades
  3445 | D:3      | Reached skill level 5 in Short Blades
  3718 | D:3      | Reached XP level 6. HP: 29/34 MP: 9/9
  4481 | D:4      | Found a runed translucent gate.
  4482 | D:4      | Found a runed translucent gate.
  4483 | D:4      | Found a runed translucent gate.
  4511 | D:4      | Reached skill level 6 in Short Blades
  4747 | D:4      | Reached XP level 7. HP: 24/38 MP: 10/10
  4811 | D:4      | Reached skill level 7 in Short Blades
  5419 | D:5      | Entered Level 5 of the Dungeon
  5489 | D:5      | Noticed a water moccasin
  5533 | D:5      | Learned a level 4 spell: Ice Form
  5590 | D:5      | Reached skill level 1 in Ice Magic
  5720 | D:5      | Found Joal's Jewellery Shop.
  6135 | D:5      | Found Qugat's Jewellery Emporium.
  6199 | D:6      | Reached XP level 8. HP: 43/43 MP: 11/11
  6210 | D:6      | Noticed Prince Ribbit
  6241 | D:6      | Noticed Sigmund
  6245 | D:6      | Killed Sigmund
  6246 | D:6      | Reached skill level 8 in Short Blades
  6246 | D:6      | Reached skill level 5 in Transmutations
  6274 | D:6      | Killed Prince Ribbit
  6401 | D:6      | Noticed Edmund
  6566 | D:6      | Found the +4 robe of Folly {Brill Will-∞ Int+8}
  6752 | D:6      | Mangled by Edmund

Illustrated notes

Levels and vault maps discovered:
D:1:      dpeg_arrival_arbitrary_a, layout_basic
D:2:      kennysheep_big_flooded_room, layout_basic, hex_medium,
          columned_hall_lemuel, dreamdust_mushroom_princess
D:3:      layout_loops_ring, minmay_box_of_dots
D:4:      layout_basic, ebering_ghost_rock_garden, roderic_lattice_a
D:5:      layout_basic, serial_shops, kennysheep_mini, shop_fountains
D:6:      nicolae_cairo_tiling_large_dashed, layout_rooms,
          minmay_temple_entry_from_below_a, uniq_edmund, uniq_prince_ribbit1,
          uniq_sigmund

Skill      XL: |  1  2  3  4  5  6  7  8 |
---------------+-------------------------+-----
Stealth        | 1 |  1.9
Short Blades   | 1 3 5 6 7 8 |  8.8
Transmutations | 3 4 5 |  5.6
Ice Magic      | 2 3 |  3.8
Unarmed Combat | 4 |  4.1
Fighting       | |  1.1
Dodging        | |  2.4
Spellcasting   | |  2.1
Poison Magic   | |  0.6

Action                     |  1- 3 |  4- 6 |  7- 9 || total
---------------------------+-------+-------+-------++-------
  Melee: Unarmed           |    58 |       |    17 ||    75
         Kick              |    10 |    52 |    37 ||    99
         Headbutt          |    10 |    36 |    14 ||    60
         Punch             |     1 |     5 |     3 ||     9
         Dagger            |    49 |   165 |    78 ||   292
         Short sword       |       |    30 |    54 ||    84
  Throw: Dart              |       |       |     4 ||     4
         Boomerang         |       |       |     1 ||     1
   Cast: Beastly Appendage |    27 |    27 |    13 ||    67
         Wereblood         |     2 |    21 |    10 ||    33
         Ice Form          |       |       |     2 ||     2
  Evoke: Wand              |       |     1 |     1 ||     2
    Use: Scroll            |       |       |     3 ||     3
         Potion            |       |       |     3 ||     3
   Stab: Sleeping          |    15 |     4 |     7 ||    26
 Armour: Robe              |    14 |    17 |     7 ||    38
         Skin              |       |       |     7 ||     7
  Dodge: Dodged            |    75 |   152 |    95 ||   322
